[Event "Titled Tuesday Blitz February 07 Early 2023"]
[White "Krzyzanowski, Marcin"]
[Black "Maksimenko, Viktor"]
[WhiteFideId "1132199"]
[BlackFideId "13710478"]
[WhiteElo "2512"]
[BlackElo "2196"]
[Result "1-0"]
[Round "04"]
[TimeControl "180+2"]
[Date "2023.02.07"]
[WhiteClock "0:00:03"]
[BlackClock "0:00:02"]

1. Nf3 d5 2. g3 Nd7 3. Bg2 e5 4. O-O Ngf6 5. c4 c6 6. cxd5 cxd5 7. d3 Bd6 8. Nc3 O-O 9. e4 dxe4 10. dxe4 Nc5 11. Bg5 h6 12. Bxf6 Qxf6 13. Nd5 Qd8 14. Nd2 Ne6 15. Nc4 Nd4 16. f4 Be6 17. fxe5 Bc5 18. Kh1 b5 19. Nd6 a6 20. Rc1 Ba7 21. Nc7 Qg5 22. Nxa8 Rxa8 23. Rc7 Qxe5 24. Rcxf7 Qxd6 25. e5 Qd8 26. Qh5 Bd5 27. Rf8+ Qxf8 28. Bxd5+ Kh8 29. Rxf8+ Rxf8 30. e6 Nf5 31. Qf3 Bc5 32. e7 Bxe7 33. Qe4 Bc5 34. Bb3 Ne3 35. h4 Nf1 36. Kg2 Ne3+ 37. Kh3 Ba7 38. Bc2 Nxc2 39. Qxc2 Bd4 40. Qc6 Bxb2 41. Qxa6 b4 42. Qd6 Ra8 43. Qxb4 Bf6 44. Qb3 Be7 45. a4 Bd6 46. Qd5 Ra6 47. Qb5 Ra8 48. Qc6 Rd8 49. a5 Bb8 50. a6 Rf8 51. Qb7 Rg8 52. a7 Bxa7 53. Qxa7 Rf8 54. Kg4 Rg8 55. Kh5 Kh7 56. Qf7 Rd8 57. Qf5+ Kh8 58. Qe5 Kh7 59. Qe7 Rd4 60. Qf7 Rd6 61. g4 Rf6 62. Qe7 Kh8 63. g5 hxg5 64. hxg5 Ra6 65. Qe8+ Kh7 66. g6+ Rxg6 67. Qxg6+ 1-0


[Site "https://www.chess.com"]

[Event "Titled Tuesday Blitz February 07 Early 2023"]
[White "Gharibyan, Mamikon"]
[Black "Karttunen, Mika"]
[WhiteFideId "13308300"]
[BlackFideId "502081"]
[WhiteElo "2500"]
[BlackElo "2490"]
[Result "1-0"]
[Round "04"]
[TimeControl "180+2"]
[Date "2023.02.07"]
[WhiteClock "0:01:17"]
[BlackClock "0:00:42"]

1. e4 c5 2. Nf3 d6 3. d4 cxd4 4. Qxd4 Nf6 5. Nc3 a6 6. Be2 e5 7. Qd3 h6 8. O-O Be7 9. h3 Be6 10. Nh2 Nbd7 11. Ng4 Rc8 12. Be3 Nxg4 13. Bxg4 Bc4 14. Qd1 Bxf1 15. Kxf1 Rc6 16. Bxd7+ Qxd7 17. Nd5 O-O 18. Qe2 Bd8 19. Kg1 f5 20. exf5 Qxf5 21. c4 Kh8 22. b3 Bg5 23. Bb6 Rcc8 24. Rd1 Rf7 25. f3 Bh4 26. Nc3 Qg6 27. a4 Rcf8 28. Kh1 Bg3 29. Ne4 d5 30. cxd5 Qxb6 31. Nxg3 Qxb3 32. a5 Re8 33. Ne4 Rd8 34. d6 Qb5 35. Qxb5 axb5 36. Rb1 Kg8 37. Rxb5 Re8 38. Rd5 Kf8 39. Nc5 Ra8 40. d7 Ke7 41. Nxb7 Rff8 42. d8=Q+ Rfxd8 43. Nxd8 Rxd8 44. Rxd8 Kxd8 45. Kg1 Kc7 46. Kf2 1-0


[Site "https://www.chess.com"]

[Event "Titled Tuesday Blitz February 07 Early 2023"]
[White "Ivic, Velimir"]
[Black "Sourath Biswas"]
[WhiteFideId "950122"]
[BlackFideId "35091484"]
[WhiteElo "2595"]
[BlackElo "2281"]
[Result "1-0"]
[Round "04"]
[TimeControl "180+2"]
[Date "2023.02.07"]
[WhiteClock "0:01:12"]
[BlackClock "0:00:13"]

1. d4 Nf6 2. c4 g6 3. Nc3 Bg7 4. e4 O-O 5. Be2 d6 6. Be3 e5 7. Nf3 Nbd7 8. O-O Ng4 9. Bg5 f6 10. Bc1 h5 11. Rb1 a5 12. a3 g5 13. b4 axb4 14. axb4 Rf7 15. c5 Kh7 16. dxe5 dxe5 17. Ne1 c6 18. h3 Nh6 19. Bxh5 Re7 20. Nc2 Qg8 21. Ne3 Nf8 22. Bg4 Be6 23. Qe2 Ng6 24. g3 Rd8 25. Kg2 Rd4 26. Nf5 Bxf5 27. exf5 Nf8 28. Be3 Rd8 29. Rfd1 Red7 30. Bf3 Kh8 31. Be4 Qf7 32. h4 gxh4 33. Rh1 Nh7 34. Rxh4 Ng5 35. Rbh1 Kh7 36. Bxg5 fxg5 37. f6+ Kg8 38. Rxh6 1-0


[Site "https://www.chess.com"]

[Event "Titled Tuesday Blitz February 07 Early 2023"]
[White "Plazuelo Pascual, Juan"]
[Black "Harsha Bharathakoti"]
[WhiteFideId "32059566"]
[BlackFideId "5078776"]
[WhiteElo "2449"]
[BlackElo "2602"]
[Result "1-0"]
[Round "04"]
[TimeControl "180+2"]
[Date "2023.02.07"]
[WhiteClock "0:00:21"]
[BlackClock "0:00:02"]

1. e4 g6 2. d4 Bg7 3. Nc3 d6 4. Be3 a6 5. g4 b5 6. Bg2 Bb7 7. h4 h6 8. g5 hxg5 9. hxg5 Rxh1 10. Bxh1 e6 11. f4 Ne7 12. Qg4 Nd7 13. O-O-O Nb6 14. Nge2 Qd7 15. Bf2 b4 16. Nb1 O-O-O 17. a3 a5 18. d5 exd5 19. Qxd7+ Kxd7 20. Bxb6 cxb6 21. exd5 Rh8 22. axb4 axb4 23. Nd2 Nf5 24. Nc4 Ba6 25. b3 Bxc4 26. bxc4 Ne3 27. Rg1 Nxc4 28. Kd1 Ra8 29. Ke1 Ra2 30. Be4 Ne3 31. Kd2 Nxc2 32. Nc1 Bc3+ 33. Kd3 Rb2 34. f5 Ne1+ 35. Kc4 gxf5 36. Bxf5+ Ke7 37. g6 fxg6 38. Rxg6 Nf3 39. Re6+ Kf7 40. Rxd6 Ne5+ 41. Kb5 Rf2 42. Be6+ Ke7 43. Rxb6 Rf1 44. Nb3 Rb1 45. Nc5 b3 46. Rb7+ Kd8 47. Rb8+ Ke7 48. Rb7+ Ke8 49. d6 1-0


[Site "https://www.chess.com"]

[Event "Titled Tuesday Blitz February 07 Early 2023"]
[White "Ordekalog"]
[Black "Grigorjev, Iljya"]
[BlackFideId "24159565"]
[WhiteElo "2555"]
[BlackElo "2426"]
[Result "0-1"]
[Round "04"]
[TimeControl "180+2"]
[Date "2023.02.07"]
[WhiteClock "0:00:03"]
[BlackClock "0:00:30"]

1. e4 e5 2. Nf3 Nc6 3. Bb5 a6 4. Bxc6 dxc6 5. O-O Ne7 6. Nxe5 Qd4 7. Nd3 Qxe4 8. Nc3 Qg6 9. Nf4 Qf5 10. d3 Bd7 11. Re1 O-O-O 12. Ne4 Ng6 13. Qf3 f6 14. h3 Ne5 15. Qg3 h5 16. d4 h4 17. Qb3 Ng6 18. Nxg6 Qxg6 19. Bf4 Bf5 20. Nc5 Bxc5 21. dxc5 Rhe8 22. Qc3 Be4 23. f3 Bxc2 24. Rxe8 Rxe8 25. Qa5 Re7 26. Rc1 Bf5 27. Kh2 Qf7 28. Rd1 g5 29. Bd6 cxd6 30. cxd6 Re5 31. Qb6 Qd7 32. Qa7 Kd8 33. f4 gxf4 34. Qb8+ Qc8 35. Qa7 Kd7 36. Qd4 Qg8 37. Qb4 Qg3+ 38. Kh1 b5 0-1


[Site "https://www.chess.com"]

[Event "Titled Tuesday Blitz February 07 Early 2023"]
[White "Boruchovsky, Avital"]
[Black "Alinasab, Mobina"]
[WhiteFideId "2800055"]
[BlackFideId "12528897"]
[WhiteElo "2539"]
[BlackElo "2347"]
[Result "1-0"]
[Round "04"]
[TimeControl "180+2"]
[Date "2023.02.07"]
[WhiteClock "0:00:50"]
[BlackClock "0:00:05"]

1. e4 c5 2. Nc3 e6 3. d4 cxd4 4. Qxd4 Nc6 5. Qd2 d6 6. b3 a6 7. Bb2 Qc7 8. O-O-O Nf6 9. h3 Be7 10. g4 b5 11. g5 Nd7 12. f4 Bb7 13. Bg2 f6 14. h4 Nc5 15. Nh3 b4 16. Ne2 a5 17. gxf6 gxf6 18. Nd4 Nxd4 19. Qxd4 Rg8 20. Bf3 f5 21. Bh5+ Kd7 22. exf5 Bxh1 23. Rxh1 exf5 24. Re1 Rg2 25. Qd5 Rag8 26. Qxf5+ Kd8 27. Kb1 Bxh4 28. Ng5 Qd7 29. Qf6+ Kc7 30. Re7 Bxg5 31. fxg5 Rg1+ 32. Bc1 1-0


[Site "https://www.chess.com"]

[Event "Titled Tuesday Blitz February 07 Early 2023"]
[White "Sukandar, Irine Kharisma"]
[Black "Aitbayev, Aslan"]
[WhiteFideId "7101937"]
[BlackFideId "13704613"]
[WhiteElo "2390"]
[BlackElo "2427"]
[Result "1/2-1/2"]
[Round "04"]
[TimeControl "180+2"]
[Date "2023.02.07"]
[WhiteClock "0:00:05"]
[BlackClock "0:00:11"]

1. d4 d6 2. Nc3 g6 3. e4 Bg7 4. Bf4 a6 5. Qd2 b5 6. a4 b4 7. Nd5 a5 8. c3 e6 9. Ne3 Nf6 10. Bd3 Nc6 11. Ne2 e5 12. Bg3 bxc3 13. bxc3 exd4 14. cxd4 Nb4 15. O-O O-O 16. Rfd1 Re8 17. f3 Nh5 18. Bf2 c5 19. Bb5 Bd7 20. Bxd7 Qxd7 21. dxc5 Bxa1 22. Rxa1 Rad8 23. Nc3 dxc5 24. Ned5 Qd6 25. Bh4 Rd7 26. Rd1 Kh8 27. Qh6 Nxd5 28. Rxd5 Qe6 29. Rxh5 f5 30. h3 gxh5 31. Bf6+ Kg8 32. Qg5+ Kf8 33. Qh6+ Kg8 34. Qg5+ Kf8 35. e5 Ree7 36. Qh6+ Ke8 37. Qxh5+ Kd8 38. Nb5 Kc8 39. Qg5 Rf7 40. Qg8+ Kb7 41. Qg3 Rxf6 42. exf6 Qxf6 43. Qf4 Qe6 44. Kh2 h5 45. h4 Qf6 46. Kh3 Qe6 47. Qg5 Kc6 48. Qf4 Qd5 49. Qh6+ Kb7 50. Qf4 Re7 51. Qg5 Qe5 52. Qh6 Qe6 53. Qf4 Qe5 54. Qh6 Rd7 55. Qg5 Qd5 56. Qf4 Qe6 57. Qg5 f4+ 58. Kh2 Rf7 59. Qxc5 Qe7 60. Nd6+ Kb8 61. Qb6+ Ka8 62. Qc6+ Kb8 63. Qc8+ Ka7 64. Qc5+ Kb8 65. Qb6+ Ka8 66. Nxf7 Qxh4+ 67. Kg1 Qe1+ 68. Kh2 Qh4+ 69. Kg1 Qe1+ 70. Kh2 Qh4+ 1/2-1/2


[Site "https://www.chess.com"]

[Event "Titled Tuesday Blitz February 07 Early 2023"]
[White "Borges Feria, Yasel"]
[Black "Baghdasaryan, Vahe"]
[WhiteFideId "3504921"]
[BlackFideId "13303139"]
[WhiteElo "2439"]
[BlackElo "2257"]
[Result "1-0"]
[Round "04"]
[TimeControl "180+2"]
[Date "2023.02.07"]
[WhiteClock "0:00:25"]
[BlackClock "0:00:06"]

1. d4 d5 2. c4 c6 3. Nf3 Nf6 4. Qc2 dxc4 5. Qxc4 Bf5 6. g3 e6 7. Bg2 Be7 8. O-O O-O 9. Rd1 Nbd7 10. e3 Bg6 11. Qe2 Qc7 12. Nc3 Rfe8 13. e4 e5 14. dxe5 Nxe5 15. Nxe5 Qxe5 16. Bf4 Qa5 17. f3 Bb4 18. Bd2 Rad8 19. Kh1 Nd5 20. Rac1 Bxc3 21. Bxc3 Qxa2 22. Qd2 Qb3 23. exd5 Rxd5 24. Re1 Red8 25. Qe2 f6 26. f4 R5d6 27. Bf1 Bf7 28. Qf2 a5 29. Kg1 a4 30. Qc2 b5 31. Qxb3 Bxb3 32. Bb4 Rd4 33. Ba5 Ra8 34. Bb6 Rd2 35. Re2 Rxe2 36. Bxe2 Bd5 37. Bc5 Rb8 38. Bd1 Re8 39. Kf2 Re4 40. Bf3 Rc4 41. Rxc4 Bxc4 42. Bxc6 Kf7 43. Ke3 Ke6 44. Kd4 Bf1 45. Bd5+ Kd7 46. Be4 g6 47. Bb4 f5 48. Bd5 h6 49. Kc5 g5 50. Bc6+ Ke6 51. Bxb5 gxf4 52. Bxf1 1-0


[Site "https://www.chess.com"]

[Event "Titled Tuesday Blitz February 07 Early 2023"]
[White "Tarlabasi, Emirhan"]
[Black "Lobanov, Sergei"]
[WhiteFideId "6350275"]
[BlackFideId "24183750"]
[WhiteElo "2300"]
[BlackElo "2536"]
[Result "0-1"]
[Round "04"]
[TimeControl "180+2"]
[Date "2023.02.07"]
[WhiteClock "0:00:03"]
[BlackClock "0:00:20"]

1. d4 Nf6 2. c4 e6 3. Nf3 d5 4. Nc3 Nbd7 5. Bf4 Bb4 6. e3 Ne4 7. Rc1 g5 8. Bg3 h5 9. h4 Nxg3 10. fxg3 gxh4 11. Rxh4 Qf6 12. cxd5 exd5 13. a3 Bd6 14. Nxd5 Bxg3+ 15. Kd2 Qd8 16. Re4+ Kf8 17. Bd3 c6 18. Nf4 Nf6 19. Re5 Bg4 20. Qc2 Nd7 21. Rg5 Bxf3 22. Rxg3 Bg4 23. Rf1 Nf6 24. Qc5+ Qe7 25. Qe5 Rg8 26. Ne6+ Qxe6 27. Qxe6 Bxe6 0-1


[Site "https://www.chess.com"]

[Event "Titled Tuesday Blitz February 07 Early 2023"]
[White "Acor, Corey"]
[Black "Taboas Rodriguez, Daniel"]
[WhiteFideId "2024861"]
[BlackFideId "2208466"]
[WhiteElo "2216"]
[BlackElo "2371"]
[Result "1-0"]
[Round "04"]
[TimeControl "180+2"]
[Date "2023.02.07"]
[WhiteClock "0:00:20"]
[BlackClock "0:00:02"]

1. e4 e5 2. Nc3 Nf6 3. g3 Nc6 4. Bg2 Bc5 5. d3 d6 6. Na4 Bg4 7. Nf3 Nd4 8. Nxc5 dxc5 9. h3 Bxf3 10. Bxf3 Qd6 11. Bg2 O-O-O 12. b3 h5 13. O-O h4 14. g4 Ne6 15. Qf3 Rdf8 16. Be3 Ng8 17. Rfd1 Ne7 18. c3 Nc6 19. a3 f6 20. b4 Rd8 21. Qf5 Kb8 22. bxc5 Nxc5 23. d4 Nb3 24. Rab1 Qxa3 25. Qe6 Nca5 26. dxe5 Rhe8 27. Rxd8+ Rxd8 28. exf6 gxf6 29. Qxf6 Qf8 30. e5 Qe8 31. g5 Nd2 32. Bxd2 Rxd2 33. g6 Re2 34. Qf3 1-0


[Site "https://www.chess.com"]

[Event "Titled Tuesday Blitz February 07 Early 2023"]
[White "Kosakowski, Jakub"]
[Black "Tan, Jun Ying"]
[WhiteFideId "1185080"]
[BlackFideId "5710413"]
[WhiteElo "2485"]
[BlackElo "2307"]
[Result "0-1"]
[Round "04"]
[TimeControl "180+2"]
[Date "2023.02.07"]
[WhiteClock "0:00:18"]
[BlackClock "0:00:13"]

1. e4 c6 2. d4 d5 3. Nd2 dxe4 4. Nxe4 Nf6 5. Qd3 Qd5 6. Ng3 e5 7. dxe5 Qxe5+ 8. Be2 Bb4+ 9. c3 Bc5 10. Nf3 Qd5 11. Qc2 O-O 12. O-O Bg4 13. Rd1 Qe6 14. Ng5 Qc8 15. Bxg4 Qxg4 16. Nf5 h6 17. h3 Qh5 18. Ng3 Qh4 19. Nf3 Qxg3 20. Nd4 Bxd4 21. Rxd4 Qg6 22. Qb3 b6 23. Bf4 Nbd7 24. Rad1 Nc5 25. Qa3 Nd5 26. Bg3 Ne4 27. Bh2 Qf5 28. f3 Ng5 29. c4 Nf6 30. Qc3 Ne6 31. R4d2 Rad8 32. Be5 Rxd2 33. Rxd2 Rd8 34. Rxd8+ Nxd8 35. Qd4 Ne6 36. Qd6 c5 37. Kh2 Kh7 38. Bg3 Qc2 39. b3 Qxa2 40. Qd3+ Kg8 41. Be5 Qf2 42. Qd6 Qe3 43. Qb8+ Kh7 44. Bg3 Qxb3 45. Qxa7 Qxc4 46. Qxf7 Qd5 47. h4 c4 48. Qa7 b5 49. Qa5 Qc5 50. Be1 Nd5 51. Qa6 Nd4 52. h5 Nf6 53. Bc3 Qxh5+ 54. Kg1 Qc5 55. Kh2 Qh5+ 56. Kg1 Ne2+ 57. Kf2 Nxc3 0-1


[Site "https://www.chess.com"]

[Event "Titled Tuesday Blitz February 07 Early 2023"]
[White "Perez Gormaz, Matias"]
[Black "Rakhmatullaev, Almas"]
[WhiteFideId "3406342"]
[BlackFideId "14205793"]
[WhiteElo "2406"]
[BlackElo "2275"]
[Result "0-1"]
[Round "04"]
[TimeControl "180+2"]
[Date "2023.02.07"]
[WhiteClock "0:00:07"]
[BlackClock "0:00:06"]

1. Nf3 Nf6 2. g3 g6 3. b3 Bg7 4. Bb2 O-O 5. Bg2 d6 6. d4 Nbd7 7. O-O Rb8 8. Re1 b5 9. e4 Bb7 10. Nbd2 e6 11. a4 a6 12. Bf1 b4 13. Bg2 Re8 14. Rc1 h5 15. c3 bxc3 16. Bxc3 c5 17. Ba1 Ba8 18. e5 Nd5 19. Nc4 dxe5 20. dxe5 Nb4 21. Nd6 Re7 22. Re2 Bd5 23. Ng5 Bh6 24. h4 Rb6 25. Nc4 Rb8 26. Bxd5 exd5 27. Nd6 Nf8 28. Rxc5 Bxg5 29. hxg5 Ne6 30. Rc1 Nxg5 31. Re3 Qd7 32. Bc3 Nc6 33. Qxd5 Nd8 34. Rd1 Nde6 35. Ba1 Rd8 36. Red3 Nh3+ 37. Kg2 Nhf4+ 38. gxf4 Nxf4+ 39. Kf1 Nxd5 40. Rxd5 Qg4 41. R5d4 Qh3+ 42. Ke2 Qxb3 43. R1d3 Qa2+ 44. Rd2 Qxa1 45. f4 Qc3 46. Ne4 Qxd4 47. Rxd4 Rxd4 48. Nf6+ Kg7 0-1


[Site "https://www.chess.com"]

[Event "Titled Tuesday Blitz February 07 Early 2023"]
[White "Hirneise, Jens"]
[Black "Kukhmazov, Arsen"]
[WhiteFideId "24614734"]
[BlackFideId "24108260"]
[WhiteElo "2277"]
[BlackElo "2512"]
[Result "0-1"]
[Round "04"]
[TimeControl "180+2"]
[Date "2023.02.07"]
[WhiteClock "0:00:02"]
[BlackClock "0:00:09"]

1. c4 c6 2. Nc3 d5 3. e3 Nf6 4. Nf3 e6 5. b3 Bd6 6. Bb2 e5 7. cxd5 cxd5 8. Nb5 Nc6 9. Nxd6+ Qxd6 10. Bb5 e4 11. Ne5 O-O 12. Bxc6 bxc6 13. Rc1 Bb7 14. Qc2 Rfc8 15. Qc5 Qe6 16. h3 Ne8 17. f4 h5 18. g4 h4 19. f5 Qd6 20. O-O Ba6 21. Rf4 Bb7 22. g5 Qxc5 23. Rxc5 Nd6 24. f6 g6 25. Rxh4 a5 26. Ng4 Nf5 27. Nh6+ Nxh6 28. Rxh6 Ba6 29. Kf2 a4 30. b4 a3 31. Bxa3 Bb5 32. Bb2 Rxa2 33. Bc3 Rc2 34. h4 Rc1 35. h5 gxh5 36. Rxh5 Rf1+ 37. Kg2 Rf5 38. Kg3 Rf3+ 39. Kg2 Ra8 40. Rh1 Ra2 41. Ra1 Rxa1 42. Bxa1 Rf5 43. Kg3 Rxg5+ 44. Kf4 Rg2 45. Bc3 Kh7 46. Ke5 Kg6 47. Kd6 Kf5 48. Rxc6 Bxc6 49. Kxc6 d4 50. exd4 Kxf6 51. d5+ Kf5 52. Kd7 e3 53. dxe3 Ke4 54. d6 f5 55. b5 Kxe3 56. b6 Rc2 57. b7 Rxc3 58. b8=Q f4 59. Qb6+ Ke2 60. Qd4 Rf3 61. Kc7 Rf1 62. d7 Rc1+ 63. Kb6 f3 64. d8=Q Rb1+ 65. Kc5 Re1 66. Qd3+ Kf2 67. Q8d4+ Kg2 68. Qg7+ Kf2 69. Qd2+ Kf1 0-1


[Site "https://www.chess.com"]

[Event "Titled Tuesday Blitz February 07 Early 2023"]
[White "Zemlyanskii, Ivan"]
[Black "Richter, Paul"]
[WhiteFideId "24249971"]
[BlackFideId "2046350"]
[WhiteElo "2300"]
[BlackElo "2171"]
[Result "1-0"]
[Round "04"]
[TimeControl "180+2"]
[Date "2023.02.07"]
[WhiteClock "0:00:31"]
[BlackClock "0:00:01"]

1. d4 Nf6 2. c4 g6 3. h4 h5 4. Nc3 Bg7 5. e4 d6 6. Be2 O-O 7. Bg5 c5 8. d5 Qa5 9. Qd2 Re8 10. Nf3 e6 11. O-O exd5 12. exd5 Bg4 13. Bxf6 Bxf6 14. Ne4 Qd8 15. Qf4 Be7 16. Nfg5 Bf5 17. Bxh5 Bxg5 18. Nxg5 Qf6 19. Bf3 Qe5 20. Qd2 Nd7 21. g4 Bxg4 22. Bxg4 Nf6 23. Bf3 Kg7 24. Rae1 Qf5 25. Bg2 Rh8 26. Ne4 Rxh4 27. Qc3 1-0


[Site "https://www.chess.com"]

[Event "Titled Tuesday Blitz February 07 Early 2023"]
[White "De Vreugt, Dennis"]
[Black "Salimova, Nurgyul"]
[WhiteFideId "1003909"]
[BlackFideId "2915138"]
[WhiteElo "2392"]
[BlackElo "2391"]
[Result "0-1"]
[Round "04"]
[TimeControl "180+2"]
[Date "2023.02.07"]
[WhiteClock "0:00:01"]
[BlackClock "0:00:08"]

1. e4 e5 2. Nf3 Nc6 3. Bc4 Nf6 4. d3 Bc5 5. c3 d6 6. Bb3 h6 7. Nbd2 Bb6 8. h3 Be6 9. Nf1 d5 10. Qe2 Qd7 11. Ng3 dxe4 12. dxe4 Bxb3 13. axb3 O-O-O 14. b4 Qe6 15. Be3 Bxe3 16. Qxe3 Qc4 17. b3 Qxb3 18. O-O Qc4 19. b5 Qxb5 20. Rfb1 Qd3 21. Qc5 Nxe4 22. Nxe4 Qxe4 23. Qb5 b6 24. c4 a5 25. Qa6+ Kb8 26. c5 Nb4 27. cxb6 Nxa6 28. bxc7+ Kxc7 29. Re1 Qb7 30. Rac1+ Kb8 31. Nxe5 Nb4 32. Rc5 Rhe8 33. Rxa5 Re6 34. Rea1 f6 35. Nc4 Rc8 36. Ne3 Ra6 37. Rxa6 Nxa6 38. Nf5 Nb4 39. Nd6 Qc6 40. Nxc8 Qxc8 41. Rb1 Qc3 42. Kh2 Kc7 43. f4 Nd3 44. f5 Qe5+ 45. g3 Qxf5 0-1


[Site "https://www.chess.com"]

[Event "Titled Tuesday Blitz February 07 Early 2023"]
[White "Sturt, Raven"]
[Black "Shipov, Sergei"]
[WhiteFideId "2007304"]
[BlackFideId "4113624"]
[WhiteElo "2470"]
[BlackElo "2541"]
[Result "0-1"]
[Round "04"]
[TimeControl "180+2"]
[Date "2023.02.07"]
[WhiteClock "0:00:13"]
[BlackClock "0:01:32"]

1. e4 e6 2. d4 d5 3. Nc3 Bb4 4. e5 c5 5. a3 Ba5 6. b4 cxd4 7. Qg4 Kf8 8. Nb5 Bb6 9. Nf3 Nc6 10. Bd3 a6 11. Nd6 Nxe5 12. Nxe5 Qxd6 13. Qg3 Qd8 14. O-O f6 15. f4 Ne7 16. Qh4 Kg8 17. Ng4 Nf5 18. Qh3 h5 19. Nf2 Ne3 20. Qg3 h4 21. Qf3 Nxf1 22. Kxf1 e5 23. fxe5 fxe5 24. Bb2 Be6 25. Re1 Qf6 26. Ng4 Bxg4 0-1


[Site "https://www.chess.com"]

[Event "Titled Tuesday Blitz February 07 Early 2023"]
[White "Reprintsev, Alexander"]
[Black "Zahid, Sanatan"]
[WhiteFideId "14100541"]
[BlackFideId "10201963"]
[WhiteElo "2253"]
[BlackElo "1930"]
[Result "0-1"]
[Round "04"]
[TimeControl "180+2"]
[Date "2023.02.07"]
[WhiteClock "0:00:07"]
[BlackClock "0:01:13"]

1. e4 e6 2. d4 d5 3. Nc3 Nf6 4. Bg5 Be7 5. e5 Nfd7 6. h4 O-O 7. Bd3 c5 8. Qh5 g6 9. Qh6 cxd4 10. Nf3 Nxe5 11. Nxe5 dxc3 12. Bxe7 Qxe7 13. O-O-O cxb2+ 14. Kb1 f6 15. h5 fxe5 16. hxg6 e4 17. Rh3 Qg7 18. Qh4 hxg6 19. Rdh1 exd3 20. Qg5 dxc2+ 21. Kxc2 Rxf2+ 22. Kd3 Nc6 23. Rh8+ Kf7 24. R8h7 b1=Q+ 25. Rxb1 Qxh7 0-1


[Site "https://www.chess.com"]

[Event "Titled Tuesday Blitz February 07 Early 2023"]
[White "Harshavardhan G B"]
[Black "Golubev, Mikhail"]
[WhiteFideId "25059009"]
[BlackFideId "14100983"]
[WhiteElo "2408"]
[BlackElo "2461"]
[Result "1-0"]
[Round "04"]
[TimeControl "180+2"]
[Date "2023.02.07"]
[WhiteClock "0:00:03"]
[BlackClock "0:00:01"]

1. d4 Nf6 2. c4 g6 3. Nc3 Bg7 4. e4 d6 5. Nf3 O-O 6. Be2 e5 7. d5 Qe8 8. Nd2 a5 9. g4 Na6 10. h4 Nc5 11. g5 Nfd7 12. h5 f5 13. h6 Bh8 14. f3 Qf7 15. Qc2 c6 16. b3 cxd5 17. cxd5 Nb6 18. Nb5 Qe7 19. Ba3 fxe4 20. Bxc5 dxc5 21. Nxe4 Nxd5 22. Bc4 Be6 23. Qf2 b6 24. O-O-O Rad8 25. Rd2 Nf4 26. Bxe6+ Nxe6 27. Qe2 Rxd2 28. Qxd2 Nd4 29. Nxd4 exd4 30. Re1 Qf7 31. Qd3 Rd8 32. Qb5 Qxf3 33. Qxb6 Re8 34. Qc6 Qf4+ 35. Kb1 Rf8 36. Qd5+ Qf7 37. Qxc5 d3 38. Qd6 Re8 39. Qxd3 Be5 40. Qc4 Qxc4 41. bxc4 Kf8 42. Kc2 Rb8 43. Rf1+ Kg8 44. Kd3 Bh8 45. Rf2 Rd8+ 46. Ke2 Re8 47. Kf3 Rf8+ 48. Ke3 Rc8 49. Rc2 Re8 50. c5 Be5 51. c6 Kf7 52. Rc5 1-0


[Site "https://www.chess.com"]

[Event "Titled Tuesday Blitz February 07 Early 2023"]
[White "Tatarinov, Dmitry"]
[Black "Belov, Alexei"]
[WhiteFideId "24160067"]
[BlackFideId "4128206"]
[WhiteElo "2310"]
[BlackElo "2421"]
[Result "1-0"]
[Round "04"]
[TimeControl "180+2"]
[Date "2023.02.07"]
[WhiteClock "0:00:59"]
[BlackClock "0:00:02"]

1. e4 e6 2. d4 d5 3. Nd2 Nf6 4. e5 Nfd7 5. f4 c5 6. Ndf3 Nc6 7. Ne2 Qb6 8. c3 Be7 9. dxc5 Nxc5 10. Ned4 O-O 11. Bd3 f6 12. exf6 Bxf6 13. Bc2 Ne4 14. O-O Bd7 15. Kh1 e5 16. fxe5 Nxe5 17. Bb3 Nc4 18. Qe2 Rae8 19. Bxc4 dxc4 20. Qxc4+ Kh8 21. Qb3 Qa6 22. Bf4 g5 23. Bg3 g4 24. Nh4 Bxd4 25. Rf7 Be6 26. Rxh7+ Kxh7 27. Qd1 Bb6 28. b3 Rf6 29. c4 Ref8 30. Qd3 Rf4 31. Bxf4 Rxf4 32. g3 Bd4 33. gxf4 Bxa1 34. Qxe4+ 1-0


[Site "https://www.chess.com"]

[Event "Titled Tuesday Blitz February 07 Early 2023"]
[White "Bagwe Gaurang"]
[Black "Mastrovasilis, Athanasios"]
[WhiteFideId "45039895"]
[BlackFideId "4201990"]
[WhiteElo "2067"]
[BlackElo "2497"]
[Result "1/2-1/2"]
[Round "04"]
[TimeControl "180+2"]
[Date "2023.02.07"]
[WhiteClock "0:00:14"]
[BlackClock "0:00:25"]

1. e4 c5 2. Nf3 g6 3. g3 Bg7 4. Bg2 Nc6 5. O-O e5 6. b3 Nge7 7. Bb2 O-O 8. Na3 f5 9. exf5 gxf5 10. Qc1 d5 11. Re1 d4 12. d3 Ng6 13. c3 Kh8 14. cxd4 cxd4 15. Nc4 Be6 16. Ba3 Bxc4 17. Qxc4 Re8 18. Ng5 Qxg5 19. Qf7 e4 20. dxe4 f4 21. Qxb7 Nce5 22. Bc1 Nd3 23. Rd1 Nxc1 24. Raxc1 Be5 25. Rc5 Qf6 26. Rc6 Qe7 27. Qa6 Rad8 28. Qc4 Qg7 29. Rd3 Rf8 30. a4 Rd7 31. a5 Rdf7 32. g4 f3 33. Bf1 Nh4 34. h3 Qg5 35. Qc1 Qxc1 36. Rxc1 Rb8 37. Rc5 Bg7 38. a6 Ng6 39. Rd5 Re7 40. Rxf3 Rbe8 41. Bd3 Ne5 42. Rg3 Nxd3 43. Rxd3 Rxe4 44. Rd7 Re1+ 45. Kg2 R1e7 46. Rd6 h6 47. b4 Re6 48. Rxe6 Rxe6 49. b5 Rb6 50. Rb3 Kg8 51. Kf3 Kf7 52. Ke4 Ke6 53. f4 Kd6 54. h4 Kc5 55. g5 hxg5 56. hxg5 Kc4 57. Rb1 d3 58. f5 Bc3 59. f6 Bxf6 60. gxf6 Rxf6 61. Rc1+ Kxb5 62. Kxd3 Rxa6 63. Rb1+ Kc5 64. Kc2 Ra2+ 65. Kb3 Ra5 66. Rc1+ Kb6 67. Rh1 Rb5+ 68. Ka2 a5 69. Rb1 Kc5 70. Rxb5+ Kxb5 71. Kb3 a4+ 72. Ka3 Ka5 73. Ka2 Kb5 74. Ka3 Ka5 75. Ka2 Kb4 76. Kb2 a3+ 77. Ka2 Ka4 78. Ka1 Kb3 79. Kb1 a2+ 80. Ka1 Ka3 1/2-1/2


[Site "https://www.chess.com"]

[Event "Titled Tuesday Blitz February 07 Early 2023"]
[White "Szpar, Milosz"]
[Black "Ezat, Mohamed"]
[WhiteFideId "1184989"]
[BlackFideId "10600906"]
[WhiteElo "2447"]
[BlackElo "2402"]
[Result "1-0"]
[Round "04"]
[TimeControl "180+2"]
[Date "2023.02.07"]
[WhiteClock "0:00:10"]
[BlackClock "0:00:15"]

1. e4 c6 2. d4 d5 3. e5 c5 4. dxc5 Nc6 5. f4 h5 6. Be3 Bg4 7. Be2 Nh6 8. Nf3 e6 9. c3 Nf5 10. Bf2 Bxf3 11. Bxf3 g5 12. fxg5 Qxg5 13. Qa4 Qc1+ 14. Bd1 Qxb2 15. Qb3 Qxb3 16. axb3 d4 17. b4 dxc3 18. Ba4 c2 19. Na3 Bg7 20. Nxc2 Bxe5 21. Rd1 Bc3+ 22. Ke2 Ke7 23. b5 Ne5 24. c6 bxc6 25. bxc6 Rhc8 26. Bc5+ Kf6 27. Rhf1 Kg6 28. Ne3 Nxe3 29. Bxe3 Nxc6 30. Rc1 Ne5 31. Bc2+ f5 32. Bb3 Kf6 33. Bf2 Rab8 34. Bh4+ Kf7 35. Rxf5+ Kg7 36. Bxe6 Re8 37. Rxc3 Rxe6 38. Re3 Rb2+ 39. Kf1 Rb1+ 40. Be1 Kg6 41. Rfxe5 Rf6+ 42. Kg1 a5 43. Rxa5 h4 44. Rae5 Rd1 45. h3 Rf5 46. Rxf5 Kxf5 47. Kh2 Kg5 48. Re4 Rd4 49. Rxd4 Kf5 50. Rxh4 Kg5 51. Rg4+ Kh5 52. Rg3 Kh4 53. Bf2 Kh5 54. Rg4 Kh6 55. Kg3 Kh5 56. Kf3 Kh6 57. Rg3 Kh5 58. Bg1 Kh6 59. Kg4 Kg6 60. h4 Kh7 61. Kg5 Kh8 62. Ra3 Kh7 63. Ra7+ Kg8 64. Kf6 Kf8 65. Ra8# 1-0


[Site "https://www.chess.com"]

[Event "Titled Tuesday Blitz February 07 Early 2023"]
[White "Bilych, Olexiy"]
[Black "Kleiman, Jake"]
[WhiteFideId "14156504"]
[BlackFideId "2020041"]
[WhiteElo "2441"]
[BlackElo "2399"]
[Result "1-0"]
[Round "04"]
[TimeControl "180+2"]
[Date "2023.02.07"]
[WhiteClock "0:00:28"]
[BlackClock "0:00:02"]

1. d4 Nf6 2. c4 e6 3. Nc3 Bb4 4. e3 O-O 5. Nf3 d5 6. Bd3 c5 7. O-O dxc4 8. Bxc4 Nbd7 9. a3 cxd4 10. axb4 dxc3 11. b5 Qc7 12. Be2 Nb6 13. bxc3 e5 14. c4 Be6 15. c5 Nbd5 16. Bb2 Qxc5 17. Ba3 Qc7 18. Bxf8 Kxf8 19. Qc1 Qd6 20. Rd1 a5 21. bxa6 bxa6 22. Qa3 Qxa3 23. Rxa3 e4 24. Nd4 Bc8 25. Rc1 Bb7 26. Nb3 Ke7 27. Na5 Rc8 28. Rxc8 Bxc8 29. Nc6+ Kd6 30. Nd4 Nb4 31. Kf1 Nfd5 32. Ke1 f5 33. Kd2 g5 34. g3 h6 35. h4 f4 36. hxg5 hxg5 37. gxf4 gxf4 38. Ra5 fxe3+ 39. fxe3 Bb7 40. Bc4 1-0


[Site "https://www.chess.com"]